 Dungeon Crawl Stone Soup version 0.31-a0-750-gfe7b580527 (webtiles) character file.

Game seed: 7987458259797135112

651 Aneyh the Spear-Bearer (level 7, 0/42 HPs)
             Began as a Tengu Monk on Sept 14, 2023.
             Shot with an arrow by a centaur (14 damage)
             ... on level 5 of the Dungeon.
             The game lasted 00:05:13 (3659 turns).

Aneyh the Spear-Bearer (Tengu Monk)                 Turns: 3659, Time: 00:05:14

Health: 0/42       AC:  3    Str: 13    XL:     7   Next: 53%
Magic:  8/8        EV: 17    Int: 10    God:
Gold:   176        SH:  0    Dex: 17    Spells: 6/6 levels left

rFire   . . .        o - +0 scythe
rCold   . . .        (shield currently unavailable)
rNeg    . . .        b - +1 robe
rPois   .            (helmet restricted)
rElec   .            (no cloak)
rCorr   .            (no gloves)
SInv    .            (boots unavailable)
Will    .....        (no amulet)
Stlth   ++           u - ring of wizardry
HPRegen 0.27/turn    (no ring)
MPRegen 0.11/turn

%: acrobat, wizardry (x1)
@: flying
A: beak, talons 3, evasive flight, acrobatic
a: no special abilities


You were on level 5 of the Dungeon.
You visited 1 branch of the dungeon, and saw 5 of its levels.

You collected 176 gold pieces.

Inventory:

Hand Weapons
 a - a +0 spear
 k - a +0 long sword
 o - a +0 scythe (weapon)
 s - a +0 hand axe
 v - a +2 short sword of electrocution
Missiles
 h - 11 poisoned darts (quivered)
Armour
 b - a +1 robe (worn)
 d - an orb of light
 p - a +0 kite shield
 q - a +0 leather armour
Jewellery
 u - a ring of wizardry (left hand)
Talismans
 j - a storm talisman
Wands
 l - a wand of charming (4)
 t - a wand of roots (3)
Scrolls
 e - a scroll of brand weapon {unknown}
 f - 2 scrolls of identify
 m - a scroll of enchant armour
 r - a scroll of teleportation {unknown}
 y - a scroll of revelation {unknown}
Potions
 c - 2 potions of ambrosia
 g - 3 potions of curing
 i - 3 potions of lignification {unknown}
 n - a potion of degeneration {unknown}
 w - a potion of brilliance {unknown}
 x - a potion of cancellation {unknown}


   Skills:
 + Level 3.8 Fighting
 + Level 9.0 Polearms
 - Level 3.2 Dodging


You had 6 spell levels left.
You didn't know any spells.
Your spell library contained the following spells:

 Spells                   Type           Power      Damage    Failure   Level
 Kiss of Death            Conj/Necr      0%         2d5       16%         1
 Confusing Touch          Hex            0%         N/A       41%         3
 Dispel Undead            Necr           0%         3d6       80%         4


Dungeon Overview and Level Annotations

Branches:
Dungeon (5/15)
 Temple: D:4-7

Altars:
Uskayaw


Innate Abilities, Weirdness & Mutations

You have a beak for a mouth.
You have claws for feet.
Your magical flight helps you evade attacks. (EV +4)
You can magically evade attacks while moving or waiting.


Message History

You completely miss the gnoll. You claw the gnoll.
The gnoll is severely wounded.
The gnoll completely misses you.
You slash the gnoll!
You kill the gnoll!
Items here: )) [ ††.
Okay, then.
HP restored.
You see here a +0 leather armour.
You reach down and open the door.
There is an open door here.
Found a chain mail.
Found an escape hatch in the floor.
There is an escape hatch in the floor here.
y - a scroll labelled YLICRE QONK The gnoll shouts!
A centaur comes into view.
The centaur shouts!
The gnoll hits you from afar with a +0 halberd.
The gnoll completely misses you.
You closely miss the gnoll. The gnoll hits you with a +0 halberd!
You hit the gnoll.
The gnoll is moderately wounded.
The gnoll misses you.
You hit the gnoll.
The gnoll is severely wounded.
The gnoll hits you with a +0 halberd.
You barely miss the gnoll. Your kick misses the gnoll.
The gnoll is severely wounded.
The gnoll hits you with a +0 halberd!
You hit the gnoll but do no damage. Your peck misses the gnoll.
The gnoll is severely wounded.
The gnoll barely misses you.
You hit the gnoll but do no damage.
The gnoll is severely wounded.
The gnoll barely misses you.
You barely miss the gnoll. You claw the gnoll.
You kill the gnoll!
The centaur wields a +0 shortbow.
The centaur shoots an arrow.
The arrow hits you!
You die...

......... .######## .#
.##### .....# .....#
.....# .....#
##.################
.#'###........c)@........#
.#.# #.#..#...##########.#
...# #.# .....+ #.#
.#####.#+##...# #.#
..............# # #.#
.##...........###.# #.#
.##...............# #.#
.......#'#####.#### #.#
.........# ##.#########.#


You could see a centaur.

Vanquished Creatures
  Sigmund (D:2)
  A black bear (D:4)
  A scorpion (D:4)
  2 hounds (D:4)
  2 jellies
  Ijyb (D:3)
  4 gnolls
  8 adders
  An ufetubus (D:4)
  A worm (D:2)
  A dart slug (D:3)
  5 orcs
  9 ball pythons
  6 endoplasms
  3 giant cockroaches
  5 goblins
  5 hobgoblins
  9 jackals
  6 kobolds
  3 quokkas
  4 bats
  3 frilled lizards
  5 rats
86 creatures vanquished.

Notes
Turn   | Place    | Note
-------+----------+-------------------------------------------
     0 | D:1      | Aneyh the Tengu Monk began the quest for the Orb.
     0 | D:1      | Reached XP level 1. HP: 14/14 MP: 2/2
   284 | D:1      | Reached XP level 2. HP: 16/19 MP: 3/3
   372 | D:1      | Reached skill level 4 in Polearms
   724 | D:1      | Reached XP level 3. HP: 20/23 MP: 4/4
  1031 | D:2      | Reached skill level 5 in Polearms
  1088 | D:2      | Reached XP level 4. HP: 23/28 MP: 5/5
  1193 | D:2      | Found a faded altar of an unknown god.
  1317 | D:2      | Noticed Sigmund
  1341 | D:2      | Killed Sigmund
  1342 | D:2      | Reached skill level 7 in Polearms
  1342 | D:2      | Reached XP level 5. HP: 15/32 MP: 6/6
  1342 | D:2      | Reached XP level 6. HP: 17/37 MP: 7/7
  2149 | D:3      | Noticed Ijyb
  2158 | D:3      | Killed Ijyb
  2534 | D:4      | Reached skill level 8 in Polearms
  2701 | D:4      | Noticed a black bear
  2705 | D:4      | Killed a black bear
  2706 | D:4      | Gained mutation: Your magical flight helps you evade
                  | attacks. (EV +4) [Tengu growth]
  2706 | D:4      | Reached XP level 7. HP: 37/41 MP: 8/8
  2975 | D:4      | Found a hide-covered altar of Uskayaw.
  3316 | D:5      | Entered Level 5 of the Dungeon
  3595 | D:5      | Reached skill level 9 in Polearms
  3659 | D:5      | Shot with an arrow by a centaur

Illustrated notes

Levels and vault maps discovered:
D:1:      tekkud_arrival_beachfront_property, layout_loops_ring,
          minmay_pentomino_v4
D:2:      layout_rooms, shapermc_ecumenical_altar_petra, uniq_sigmund
D:3:      layout_loops_ring, uniq_ijyb
D:4:      layout_loops_ring, mainiacjoe_overflow_tiny_flanked, serial_forest,
          infiniplex_forest_lined_room_3, infiniplex_forest_end_1,
          infiniplex_forest_clump_double, infiniplex_forest_clump_small,
          infiniplex_forest_3_way, infiniplex_forest_lined_1,
          infiniplex_forest_lined_3_way, kennysheep_generic_room_12
D:5:      layout_basic, amcnicky_altar_gilded, nicolae_tso_carved_into_rock

Skill      XL: |  1  2  3  4  5  6  7 |
---------------+----------------------+-----
Polearms       | 4 5 7 8 9 |  9.0
Fighting       | |  3.8
Dodging        | |  3.2

Action                     |  1- 3 |  4- 6 |  7- 9 || total
---------------------------+-------+-------+-------++-------
  Melee: Spear             |    84 |    36 |       ||   120
         Kick              |    20 |    23 |    15 ||    58
         Peck              |    13 |    10 |     8 ||    31
         Halberd           |       |    84 |    62 ||   146
  Throw: Dart              |       |     1 |       ||     1
    Use: Scroll            |       |     4 |       ||     4
   Stab: Sleeping          |     3 |     4 |       ||     7
 Armour: Robe              |    20 |    32 |    20 ||    72
  Dodge: Dodged            |    35 |    51 |    40 ||   126

Table legend: (Time is in decaauts)
 A = Elapsed time spent in this place.
 B = Non-inter-level travel time spent in this place.
 C = Inter-level travel time spent in this place.
 D = Time resting spent in this place.
 E = Time spent auto-exploring this place.
 F = Levels seen in this place.
 G = Mean time per level.
                   A        B        C        D        E       F      G
               +--------+--------+--------+--------+--------+-----+--------+
         Total |   3658 |   3509 |    149 |    416 |   2429 |   5 |  731.6 |
       Dungeon |   3658 |   3509 |    149 |    416 |   2429 |   5 |  731.6 |
               +--------+--------+--------+--------+--------+-----+--------+

Top non-repeatable levels by time:
     D:1: 938 daAuts
     D:4: 911 daAuts
     D:3: 816 daAuts
     D:2: 710 daAuts
     D:5: 281 daAuts
